 Dungeon Crawl Stone Soup version 0.23.2-40-g277498a001 (webtiles) character file.

Game seed: 18194783854106408262

749 Aggronaut the Quickloader (level 8, -1/44 HPs)
             Began as a Kobold Hunter on Sept 30, 2019.
             Shot with an arrow by a centaur (5 damage)
             ... on level 5 of the Dungeon.
             The game lasted 00:17:29 (4533 turns).

Aggronaut the Quickloader (Kobold Hunter)           Turns: 4533, Time: 00:17:30

Health: -1/44      AC:  6    Str:  9    XL:     8   Next: 6%
Magic:  8/8        EV: 17    Int: 13    God:
Gold:   191        SH:  0    Dex: 17    Spells: 7/7 levels left

rFire    + . .     SeeInvis +   a - +2 hand crossbow
rCold    . . .     Gourm    .   (shield restricted)
rNeg     . . .     Faith    .   c - +0 leather armour
rPois    .         Spirit   .   (no helmet)
rElec    .         Reflect  .   s - +2 cloak
rCorr    .         Harm     .   (no gloves)
MR       .....                  (no boots)
Stlth    +++.......             (no amulet)
HPRegen  0.14/turn              A - +3 ring of evasion
MPRegen  0.11/turn              p - ring "Peinur" {rF+ SInv}

@: no status effects
A: small, carnivore
a: no special abilities


You were on level 5 of the Dungeon.
You were very full.

You visited 1 branch of the dungeon, and saw 5 of its levels.

You collected 191 gold pieces.

Inventory:

Hand Weapons
 a - a +2 hand crossbow (weapon)
 b - a +0 short sword
 n - a +0 scimitar
Missiles
 d - 41 bolts (quivered)
Armour
 c - a +0 leather armour (worn)
 e - a +0 ring mail
 i - a +0 cloak
 m - a +1 cloak of poison resistance
 s - a +2 cloak (worn)
 x - a cursed +0 leather armour
 y - a +2 leather armour of fire resistance
Jewellery
 p - the ring "Peinur" (right hand) {rF+ SInv}
   (You found it on level 4 of the Dungeon)

   [ring of see invisible]

   It protects you from fire.
   It lets you see invisible.
 t - an uncursed ring of ice
 A - a +3 ring of evasion (left hand)
Scrolls
 g - 4 scrolls of remove curse
 h - a scroll of amnesia
 o - a scroll of teleportation
 z - 3 scrolls of blinking {unknown}
Potions
 j - a potion of haste
 k - a potion of heal wounds
 l - a potion of flight
 q - a potion of invisibility {unknown}
 r - 2 potions of might {unknown}
 u - a potion of cancellation
 v - a potion of brilliance {unknown}
 w - 2 potions of mutation {unknown}
Comestibles
 f - 10 rations


   Skills:
 - Level 2.1 Fighting
 + Level 0.1 Long Blades
 * Level 9.5 Crossbows
 - Level 2.4 Dodging
 + Level 6.8 Stealth


You had 7 spell levels left.
You didn't know any spells.
Your spell library contained the following spells:

 Spells                   Type           Power        Failure   Level  Hunger
 Summon Small Mammal      Summ           #...         41%         1    ##.....
 Call Imp                 Summ           #.......     54%         2    ###....
 Call Canine Familiar     Summ           #.......     78%         3    ####...
 Summon Guardian Golem    Hex/Summ       #.......     78%         3    ####...
 Summon Ice Beast         Ice/Summ       #.......     99%         4    #####..
 Summon Lightning Spire   Summ/Air       #.......     99%         4    #####..


Dungeon Overview and Level Annotations

Branches:
Dungeon (5/15)             Temple (0/1) D:4

Altars:
Elyvilon
Kikubaaqudgha
Trog
Uskayaw


Innate Abilities, Weirdness & Mutations

You are small and have problems with some larger weapons.
You are carnivorous and can eat meat at any time.


Message History

Firing (i - inventory)
d - 44 bolts (quivered)
Press: ? - help, Shift-Dir - straight line, f - jackal
Aim: a jackal You shoot a bolt.
The bolt barely misses the jackal.
Firing (i - inventory)
d - 43 bolts (quivered)
Press: ? - help, Shift-Dir - straight line, f/p - jackal
Aim: a jackal You shoot a bolt.
The bolt barely misses the hound zombie.
The bolt closely misses the jackal.
The hound zombie bites you but does no damage.
Firing (i - inventory)
d - 42 bolts (quivered)
Press: ? - help, Shift-Dir - straight line, f - centaur, p - jackal
Aim: a centaur, wielding a +0 shortbow (almost dead)
You shoot a bolt. The bolt hits the hound zombie.
The hound zombie is lightly damaged.
The hound zombie bites you.
* * * LOW HITPOINT WARNING * * *
The centaur shoots an arrow.
The arrow hits you.
You die...

##.....# #......## # #.. .>....
#.......#.. #. .... . .##
.......... #.
......##..###......... #. ..Z..
......#......# ... .........
#....$...# ... (Z...h#.##
#.@##..#. ###
.(....(%.####.h.#.......### ..
#... #(# #.cZ............. ..
#..#h###..............# ##
#.#....#.......#.....## #
#......(.......# #....# #
....#...#........###....####
....>##..#........##........###
.... #...#.......##....##....##


You could see a centaur, a hound zombie and a jackal.

Vanquished Creatures
  Sigmund (D:2)
  A sky beast (D:5)
  An ice beast (D:5)
  An ogre (D:3)
  A howler monkey (D:4)
  An orc priest (D:3)
  Crazy Yiuf (D:2)
  An orc wizard (D:4)
  2 worker ants
  Terence (D:2)
  An adder (D:2)
  An ooze (D:2)
  An adder zombie (D:3)
  2 dart slugs
  4 leopard geckos
  13 orcs
  A ball python (D:4)
  8 giant cockroaches
  10 goblins
  16 hobgoblins
  4 jackals
  5 quokkas
  5 bats
  5 frilled lizards
  11 kobolds
  A leopard gecko skeleton (D:4)
  6 rats
105 creatures vanquished.

Notes
Turn   | Place    | Note
-------+----------+-------------------------------------------
     0 | D:1      | Aggronaut the Kobold Hunter began the quest for the Orb.
     0 | D:1      | Reached XP level 1. HP: 12/12 MP: 1/1
    38 | D:1      | Reached skill level 5 in Crossbows
    66 | D:1      | Reached XP level 2. HP: 17/17 MP: 2/2
   474 | D:1      | Reached XP level 3. HP: 21/21 MP: 3/3
  1310 | D:2      | Reached skill level 6 in Crossbows
  1310 | D:2      | Reached XP level 4. HP: 26/26 MP: 4/4
  1709 | D:2      | Noticed Sigmund
  1714 | D:2      | Noticed Terence
  2017 | D:2      | Killed Terence
  2017 | D:2      | Reached XP level 5. HP: 23/30 MP: 5/5
  2158 | D:2      | Killed Sigmund
  2158 | D:2      | Reached skill level 7 in Crossbows
  2158 | D:2      | Reached skill level 5 in Stealth
  2158 | D:2      | Reached XP level 6. HP: 18/35 MP: 6/6
  2483 | D:2      | Found a runed translucent door.
  2484 | D:2      | Noticed Crazy Yiuf
  2684 | D:2      | Killed Crazy Yiuf
  3112 | D:3      | Reached skill level 8 in Crossbows
  3234 | D:3      | Reached XP level 7. HP: 22/40 MP: 7/7
  3407 | D:4      | Found a staircase to the Ecumenical Temple.
  3684 | D:4      | Found a bloodstained altar of Trog.
  3800 | D:4      | Found an ancient bone altar of Kikubaaqudgha.
  3808 | D:4      | Found a hide-covered altar of Uskayaw.
  3816 | D:4      | Got a crude granite ring
  3818 | D:4      | Identified the ring "Peinur" {rF+ SInv} (You found it on
                  | level 4 of the Dungeon)
  4330 | D:5      | Entered Level 5 of the Dungeon
  4406 | D:5      | Found a white marble altar of Elyvilon.
  4459 | D:5      | Reached skill level 9 in Crossbows
  4484 | D:5      | Reached XP level 8. HP: 26/44 MP: 8/8
  4533 | D:5      | Shot with an arrow by a centaur

Skill      XL: |  1  2  3  4  5  6  7 |
---------------+----------------------+-----
Crossbows      | 5 6 7 8 9 |  9.5
Stealth        | 2 3 5 6 |  6.8
Fighting       | |  2.1
Long Blades    | |  0.1
Dodging        | |  2.4

Action                   |  1- 3 |  4- 6 |  7- 9 || total
-------------------------+-------+-------+-------++-------
Melee: Short sword       |    71 |    65 |    75 ||   211
       Scimitar          |       |     5 |       ||     5
 Fire: Hand crossbow     |    42 |    86 |    58 ||   186
  Use: Scroll            |       |     6 |     5 ||    11
       Potion            |       |     2 |       ||     2
 Stab: Sleeping          |     2 |     2 |     3 ||     7
  Eat: Chunk             |     9 |     6 |     4 ||    19
Armor: Leather armour    |    19 |    22 |    34 ||    75
Dodge: Dodged            |    55 |    77 |    75 ||   207
       Rpst.: Scimitar   |       |     1 |       ||     1
